 Dungeon Crawl Stone Soup version 0.20-a0-454-g2b43fbb (console) character file.

112 nht the Chopper (level 4, -1/35 HPs)
             Began as a Barachian Berserker on Jan 9, 2017.
             Was a Believer of Trog.
             Slain by a gnoll
             ... wielding a +0 spear
              (9 damage)
             ... on level 2 of the Dungeon.
             The game lasted 00:01:54 (1026 turns).

nht the Chopper (Barachian Berserker)               Turns: 1026, Time: 00:01:55

Health: -1/35      AC:  2    Str: 16    XL:     4   Next: 95%
Magic:  0/4        EV: 12    Int:  5    God:    Trog [**....]
Gold:   86         SH:  0    Dex: 10    Spells: 3/3 levels left

rFire  . . .     SeeInvis .     a - +0 hand axe
rCold  . . .     Gourm    .     b - +0 animal skin
rNeg   . . .     Faith    .     (no shield)
rPois  .         Spirit   +     (no helmet)
rElec  .         Reflect  .     (no cloak)
rCorr  .         Harm     .     (no gloves)
MR     .....                    (no boots)
Stlth  +.........               h - amulet of guardian spirit
                                (no ring)
                                (no ring)

@: exhausted, slowed, very slow
A: swims, slowness 1, strong legs 1
a: Hop, Berserk, Trog's Hand, Burn Spellbooks, Renounce Religion


You were on level 2 of the Dungeon.
You worshipped Trog.
Trog was pleased with you.
You were near starving.

You visited 1 branch of the dungeon, and saw 2 of its levels.

You collected 86 gold pieces.

Inventory:

Hand Weapons
 a - a +0 hand axe (weapon)
Armour
 b - a +0 animal skin (worn)
Jewellery
 d - a cursed ring of teleportation {unknown}
 h - an amulet of guardian spirit (around neck)
Scrolls
 i - 2 scrolls of identify
Potions
 g - a potion of degeneration {unknown}
 j - a potion of heal wounds
Comestibles
 c - a bread ration
 f - 2 meat rations
 k - 3 fruits


   Skills:
 - Level 3.2 Fighting
 + Level 5.4 Axes
 - Level 2.1 Armour
 - Level 2.0 Dodging


You had 3 spell levels left.
You didn't know any spells.

Dungeon Overview and Level Annotations

Branches:
Dungeon (2/15)

Altars:


Innate Abilities, Weirdness & Mutations

You can swim through water.
You cover ground slowly.
You can hop short distances.


Message History

You kill the rat!
Trog accepts your kill.
You feel less invigorated.
You feel less confused. The jackal bites you. The jackal barely misses you.
The gnoll hits you from afar with a spear.
* * * LOW HITPOINT WARNING * * *
The jackal bites you but does no damage.
The jackal barely misses you.
The jackal bites you but does no damage.
The jackal barely misses you. The jackal closely misses you.
The gnoll hits you but does no damage. The jackal closely misses you.
The jackal bites you but does no damage.
The jackal closely misses you.
The gnoll hits you from afar with a spear.
* * * LOW HITPOINT WARNING * * *
The jackal closely misses you. The jackal misses you.
The jackal barely misses you. x2
The gnoll hits you from afar with a spear!
You die...

██........ █████...███.█.
... .... .█ █...█ █.█.
█(.█>.██.█ █...█ █...
██.█..█..██.█ █...█ ███.
.......))██.█ █...█████.
█.█..█†.██.█ █.......█.
........g██.█ █...███.█.
..██....hh..█████..████.█.
█.████@..█......█......
... █.█.█......█.██.██ ███
...█...........█.██
█.█████...........██ █.
█......[.███████ █
█.██████.█ █ ... █.█ █ .(.
███.███ . ..█. █.....█ █


You could see a gnoll and 2 jackals.

Vanquished Creatures
  Terence (D:2)
  2 gnolls (D:2)
  An adder (D:2)
  3 leopard geckos (D:1)
  13 giant cockroaches
  4 goblins
  3 hobgoblins
  3 jackals (D:2)
  A quokka (D:2)
  A ball python (D:1)
  6 bats
  2 frilled lizards
  4 kobolds
  6 rats
50 creatures vanquished.

Vanquished Creatures (others)
  A rat (D:2)
1 creature vanquished.

Grand Total: 51 creatures vanquished

Notes
Turn   | Place    | Note
-------+----------+-------------------------------------------
     0 | D:1      | nht the Barachian Berserker began the quest for the Orb.
     0 | D:1      | Reached XP level 1. HP: 18/18 MP: 1/1
    99 | D:1      | Reached XP level 2. HP: 22/24 MP: 2/2
   339 | D:1      | Reached skill level 4 in Axes
   524 | D:2      | Reached XP level 3. HP: 29/29 MP: 3/3
   601 | D:2      | Reached ** piety under Trog
   809 | D:2      | Noticed Terence
   814 | D:2      | Reached XP level 4. HP: 29/35 MP: 2/4
   816 | D:2      | Killed Terence
   816 | D:2      | Reached skill level 5 in Axes
  1026 | D:2      | Slain by a gnoll

Vault maps used:
D:1:      mushboom_english_gardens
D:2:      minmay_roachtagon, fiery_altar_vehumet, st_stairs_6, uniq_terence

Skill      XL: |  1  2  3  4 |
---------------+-------------+-----
Axes           | 4 5 |  5.4
Fighting       | |  3.2
Armour         | |  2.1
Dodging        | |  2.0

Action                   |  1- 3 |  4- 6 || total
-------------------------+-------+-------++-------
Melee: Hand axe          |   108 |    26 ||   134
Invok: Berserk           |     2 |     1 ||     3
  Use: Scroll            |     4 |       ||     4
       Potion            |     1 |     1 ||     2
 Stab: Sleeping          |     1 |       ||     1
  Eat: Chunk             |     1 |     1 ||     2
Armor: Animal skin       |    30 |    12 ||    42
Dodge: Dodged            |    77 |    37 ||   114
